 Dungeon Crawl Stone Soup version 0.19.1 (webtiles) character file.

2832 M4edhros the Blocker (level 9, 0/96 HPs)
             Began as an Octopode Chaos Knight on Dec 27, 2016.
             Succumbed to a hornet's poison
             ... on level 3 of the Dungeon.
             The game lasted 00:15:57 (13329 turns).

M4edhros the Blocker (Octopode Chaos Knight)       Turns: 13329, Time: 00:15:57

Health: 0/96       AC: 24    Str: 13    XL:     9   Next: 73%
Magic:  9/9        EV:  2    Int: 11    God:    Xom [...*..]
Gold:   334        SH: 12    Dex: 22    Spells: 0 memorised, 8 levels left

rFire  . . .     SeeInvis .     x - +1 flail (protect)
rCold  + . .     Gourm    .     p - +0 shield
rNeg   + + +     Faith    .     (helmet currently unavailable)
rPois  +         Spirit   .     (no amulet)
rElec  .         Reflect  .     g - +3 ring of dexterity
rCorr  +         Harm     .     o - ring of protection from cold
MR     .....     NoTele   +     q - ring of resist corrosion
Stlth  ++........               u - +5 ring of dexterity
                                (no ring)
                                (no ring)
                                (no ring)
                                (no ring)

@: lethally poisoned (0 -> -17), tree-form, slowed, very slow
A: almost no armour, stealthy swim, (amphibious), 8 rings, (constrict 8),
(camouflage 0), blurry vision 1, dopey 2, high mp 1, robust 1, strong 1,
(gelatinous body 0), subdued magic 2
a: Renounce Religion


You were on level 3 of the Dungeon.
You worshipped Xom.
You were a favourite toy of Xom.
You were near starving.
You were a tree.
You visited 1 branch of the dungeon, and saw 7 of its levels.

You collected 334 gold pieces.

Inventory:

Hand Weapons
 e - a +0 blowgun
 x - a +1 flail of protection (weapon)
Missiles
 k - 91 poisoned needles
 L - 5 curare-tipped needles
Armour
 c - a +0 buckler
 p - a +0 shield (worn)
Jewellery
 g - a +3 ring of dexterity (left branch)
 o - a ring of protection from cold (right branch)
 q - a ring of resist corrosion (on tentacle)
 u - a +5 ring of dexterity (on tentacle)
 v - an uncursed ring of ice
 I - an uncursed ring of protection from magic {unknown}
Scrolls
 f - 6 scrolls of identify
 i - 4 scrolls of teleportation
 j - 3 scrolls of enchant weapon {unknown}
 l - 3 scrolls of remove curse {unknown}
 m - 2 scrolls of magic mapping {unknown}
 n - a scroll of recharging {unknown}
 r - a scroll of random uselessness {unknown}
 t - 3 scrolls of enchant armour
 y - a scroll of blinking {unknown}
 A - a scroll of fog {unknown}
 B - a scroll of amnesia {unknown}
 G - 2 scrolls of noise {unknown}
Potions
 d - 2 potions of resistance
 h - 2 potions of flight
 D - 2 potions of cure mutation
 H - 2 potions of haste {unknown}
Books
 C - a book of Callings

   Spells                             Type                      Level
   a - Summon Small Mammal            Summoning                    1
   b - Call Imp                       Summoning                    2
   c - Call Canine Familiar           Summoning                    3
   d - Summon Guardian Golem          Hexes/Summoning              3
   e - Summon Lightning Spire         Summoning/Air                4
   f - Summon Ice Beast               Ice/Summoning                4
Miscellaneous
 b - a disc of storms
Comestibles
 a - 4 bread rations
 w - 7 fruits
 z - a royal jelly
 E - 2 beef jerkies
 J - a meat ration
 K - a chunk of flesh


   Skills:
 + Level 4.5 Fighting
 + Level 7.8 Maces & Flails
 * Level 8.0 Dodging
 + Level 9.0 Shields
 - Level 5.0 Unarmed Combat


You had 8 spell levels left.
You didn't know any spells.

Dungeon Overview and Level Annotations

Branches:
Dungeon (7/15)
 Temple: D:4-7

Altars:
Dithmenos
Hepliaklqana
Makhleb
Okawaru
Qazlal
Ru
Trog
Uskayaw
Vehumet
Xom
Zin

Annotations:
D:4 exclusion: statue


Innate Abilities, Weirdness & Mutations

You cannot wear most types of armour.
You are very stealthy in the water. (Stealth+)
((You are amphibious.))
You can wear up to eight rings at the same time.
((You can use your tentacles to constrict eight enemies at once.))
((Your skin changes colour to match your surroundings (Stealth+).))
((Your rubbery body absorbs attacks. (AC +1, EV +1)))
Scrolls take you a little longer to read.
You are very dopey. (Int -4)
You have an increased reservoir of magic. (+10% MP)
You are robust. (+10% HP)
Your muscles are strong. (Str +2)
Your spells are easier to cast, but less powerful.


Message History

You are poisoned.
You feel as though you will be slow longer.
You feel better. The hornet barely misses you. The hornet stings you.
You feel as though you will be slow longer.
You hit the hornet.
Your weapon exudes an aura of protection.
Your grab misses the hornet.
The hornet is lightly wounded.
The hornet stings you!
* * * LOW HITPOINT WARNING * * *
You are poisoned.
You feel as though you will be slow longer.
The hornet stings you.
* * * LOW HITPOINT WARNING * * *
You are more poisoned.
You feel as though you will be slow longer.
Unknown command.
You turn into a tree.
Your roots penetrate the ground.
You die...
Xom bursts into laughter!

#######################
#....g................#
#.########..........(.#
#.#.....♣.............#
#J#.#####y............###
#.#.#<###....)........##.
#g#.#...#.............##.
#.#.###)#.............##.
#.#_....#)#.############.
#.#######.#.############.
#........)...§§§#(.....#.
#########....§.§'.F....'.


You could see a hornet shaped shifter.

Vanquished Creatures
  The ghost of Nakatomy the Archer, a novice CeHu of Okawaru (D:6)
  An orc warrior (D:5)
  A phantom (D:5)
  3 ogres
  A slave (D:5)
  2 centaurs (D:5)
  A crocodile (D:5)
  Blork the orc (D:5)
  A bullfrog (D:6)
  5 wights
  A bullfrog zombie (D:4)
  A centaur zombie (D:6)
  4 hounds
  2 jellies
  A centaur skeleton (D:4)
  3 orc priests
  5 orc wizards
  7 worker ants
  3 gnolls (D:3)
  2 howler monkey skeletons
  6 adders
  A shadow imp (D:5)
  An adder skeleton (D:4)
  4 worms
  2 dart slugs
  3 leopard geckos
  20 orcs
  9 bats
  8 giant cockroaches
  11 goblins
  7 hobgoblins
  15 jackals
  4 quokkas (D:4)
  2 ball pythons (D:3)
  8 frilled lizards
  A giant cockroach zombie (D:6)
  10 kobolds
  A quokka skeleton (D:4)
  11 rats
170 creatures vanquished.

Vanquished Creatures (collateral kills)
  Pikel (D:5)
1 creature vanquished.

Vanquished Creatures (others)
  An ice beast (D:5)
  An ogre (D:5)
2 creatures vanquished.

Grand Total: 173 creatures vanquished

Notes
Turn   | Place    | Note
-------+----------+-------------------------------------------
     0 | D:1      | M4edhros the Octopode Chaos Knight began the quest for the Orb.
     0 | D:1      | Reached XP level 1. HP: 16/16 MP: 1/1
    51 | D:1      | XOM: divination: magic mapping
   154 | D:1      | XOM: harmless Chrm miscast
   408 | D:1      | XOM: divination: detect items
   633 | D:1      | XOM is BORED!
   633 | D:1      | XOM: harmless Ice miscast
   710 | D:1      | Reached XP level 2. HP: 20/21 MP: 2/2
  1224 | D:2      | XOM: divination: detect items
  1297 | D:2      | XOM: 6-stop teleportation journey
  1302 | D:2      | Reached XP level 3. HP: 25/26 MP: 3/3
  1540 | D:2      | XOM: scenery: create altars
  1781 | D:2      | Found a stormy altar of Qazlal.
  1899 | D:2      | Reached XP level 4. HP: 27/31 MP: 4/4
  1932 | D:2      | XOM: scenery: 1 doors open
  1999 | D:2      | Found a hazy altar of Hepliaklqana.
  2368 | D:3      | Reached skill level 5 in Unarmed Combat
  2439 | D:3      | XOM is BORED!
  2439 | D:3      | XOM: summons 1 hostile demon
  2754 | D:3      | XOM: give mutation
  2754 | D:3      | Gained mutation: You are weak. (Str -2) [Xom's mischief]
  3172 | D:3      | Reached skill level 1 in Maces & Flails
  3218 | D:3      | XOM: give mutation
  3218 | D:3      | Gained mutation: You are clumsy. (Dex -2) [Xom's mischief]
  3423 | D:3      | XOM: polymorph gnoll -> jelly
  3426 | D:3      | XOM: potion effect (experience)
  3426 | D:3      | Reached skill level 5 in Maces & Flails
  3426 | D:3      | Reached skill level 7 in Shields
  3426 | D:3      | Reached XP level 5. HP: 13/36 MP: 5/5
  3440 | D:3      | Lost mutation: You are weak. (Str -2) [potion of cure mutation]
  3440 | D:3      | Lost mutation: You are clumsy. (Dex -2) [potion of cure mutation]
  3445 | D:3      | Reached XP level 6. HP: 19/42 MP: 6/6
  4001 | D:3      | XOM: scenery: create altars
  4508 | D:3      | XOM: scenery: 1 doors close
  4512 | D:3      | XOM: cast spell 'Statue Form'
  4668 | D:3      | XOM: medium Fire miscast
  4674 | D:4      | XOM: swap monsters
  4743 | D:4      | XOM: 2-stop teleportation journey
  4784 | D:4      | XOM: medium Hex miscast
  4955 | D:4      | XOM: harmless Necr miscast
  5262 | D:4      | Noticed a moth of wrath
  5265 | D:4      | Found a bloodstained altar of Trog.
  5819 | D:4      | XOM: severe Fire miscast
  6037 | D:4      | Reached XP level 7. HP: 43/46 MP: 7/7
  6109 | D:4      | Found a radiant altar of Vehumet.
  6163 | D:4      | XOM: butterfly on damage
  6164 | D:4      | XOM: fog
  6580 | D:5      | Entered Level 5 of the Dungeon
  6590 | D:5      | Reached skill level 8 in Shields
  6838 | D:5      | XOM: 3-stop teleportation journey
  6940 | D:5      | Found a burning altar of Makhleb.
  7077 | D:5      | XOM: 4-stop teleportation journey
  7253 | D:5      | Reached XP level 8. HP: 34/52 MP: 8/8
  7521 | D:5      | XOM: give mutations
  7521 | D:5      | Gained mutation: You are dopey. (Int -2) [Xom's mischief]
  7521 | D:5      | Gained mutation: Your muscles are strong. (Str +2) [Xom's mischief]
  7521 | D:5      | Gained mutation: Your spells are a little easier to cast, but a little less powerful. [Xom's mischief]
  7806 | D:5      | XOM: divination: detect creatures
  7848 | D:5      | Found a shadowy altar of Dithmenos.
  7850 | D:5      | Found a sacrificial altar of Ru.
  7871 | D:5      | Noticed Blork the orc
  7881 | D:5      | Killed Blork the orc
  8264 | D:5      | XOM: god gift: disc of storms
  8373 | D:5      | Found a faded altar of an unknown god.
  8373 | D:5      | Found a faded altar of an unknown god.
  8378 | D:5      | Found a faded altar of an unknown god.
  8380 | D:5      | Found a faded altar of an unknown god.
  8381 | D:5      | Found a hide-covered altar of Uskayaw.
  8415 | D:5      | Noticed Pikel
  8427 | D:5      | XOM: confuse monster(s)
  8433 | D:5      | XOM: scenery: create altars
  8444 | D:5      | Killed Pikel
  8693 | D:5      | XOM: confuse monster(s)
  8704 | D:5      | XOM: confusion
  8935 | D:6      | Reached XP level 9. HP: 58/58 MP: 9/9
  9009 | D:4      | XOM: chaos upgrade
  9036 | D:4      | XOM: god gift: 12 gold pieces
  9255 | D:4      | Noticed an angel
  9258 | D:4      | Found a glowing silver altar of Zin.
  9306 | D:4      | XOM: harmless Ice miscast
  9688 | D:4      | XOM: harmless Chrm miscast
  9913 | D:4      | XOM: noise
 10353 | D:4      | XOM: cloud trail
 10937 | D:3      | XOM: harmless Air miscast
 11171 | D:2      | XOM: give mutation
 11171 | D:2      | Gained mutation: You are robust. (+10% HP) [Xom's mischief]
 11458 | D:2      | XOM: summons 2 hostile shadow creatures
 11990 | D:3      | XOM: mild Tmut miscast
 11992 | D:3      | XOM: scenery: create altars
 12243 | D:6      | XOM: mild Tloc miscast
 12254 | D:6      | XOM: give mutations
 12254 | D:6      | Gained mutation: You have an increased reservoir of magic. (+10% MP) [Xom's mischief]
 12254 | D:6      | Gained mutation: Scrolls take you a little longer to read. [Xom's mischief]
 12254 | D:6      | Gained mutation: You are very dopey. (Int -4) [Xom's mischief]
 12254 | D:6      | Gained mutation: Your spells are easier to cast, but less powerful. [Xom's mischief]
 12277 | D:6      | XOM is BORED!
 12277 | D:6      | XOM: medium Chrm miscast
 12381 | D:6      | Noticed Nakatomy's ghost (novice CeHu)
 12393 | D:6      | Killed Nakatomy's ghost
 12393 | D:6      | Reached skill level 9 in Shields
 12668 | D:6      | Found an iron altar of Okawaru.
 12829 | D:6      | XOM: torment (33/64 hp)
 12847 | D:7      | Noticed a troll
 13026 | D:5      | XOM: polymorph freed slave -> ice beast
 13034 | D:5      | XOM: summons 9 friendly demons
 13076 | D:5      | XOM: summons friendly quasit
 13093 | D:5      | XOM: divination: detect creatures
 13095 | D:5      | XOM: swap monsters
 13100 | D:5      | XOM: smoke on damage
 13116 | D:5      | XOM: harmless Chrm miscast
 13132 | D:5      | XOM: enchant monster (good)
 13166 | D:5      | XOM: harmless Tloc miscast
 13176 | D:5      | Noticed a harpy
 13176 | D:5      | a troll changed into a harpy
 13176 | D:5      | XOM: polymorph troll -> harpy
 13178 | D:5      | XOM: confuse monster(s)
 13182 | D:5      | a harpy changed into a hog
 13188 | D:4      | XOM: potion effect (invisibility)
 13217 | D:4      | XOM: scenery: create altars
 13237 | D:3      | Noticed a harpy
 13237 | D:3      | an eye of draining changed into a harpy
 13242 | D:3      | a harpy changed into a golden eye
 13249 | D:3      | XOM: confuse monster(s)
 13250 | D:3      | XOM: enchant monster (bad)
 13259 | D:3      | XOM: harmless Hex miscast
 13261 | D:3      | Noticed a troll
 13261 | D:3      | a hog changed into a troll
 13262 | D:3      | Noticed a yaktaur
 13262 | D:3      | a troll changed into a yaktaur
 13265 | D:3      | a yaktaur changed into something unseen
 13268 | D:3      | Noticed a yaktaur
 13274 | D:3      | a yaktaur changed into a dream sheep
 13293 | D:3      | XOM: enchant monster (bad)
 13293 | D:3      | Noticed a two-headed ogre
 13293 | D:3      | an ogre changed into a two-headed ogre
 13296 | D:3      | a two-headed ogre changed into a yak
 13300 | D:3      | XOM: destruction
 13310 | D:3      | XOM: fog
 13323 | D:3      | Noticed a black mamba
 13323 | D:3      | a golden eye changed into a black mamba
 13324 | D:3      | Noticed a hornet
 13324 | D:3      | a black mamba changed into a hornet
 13328 | D:3      | HP: 2/64 [hornet (glowing shapeshifter) (6)]
 13329 | D:3      | Succumbed to a hornet's poison

Skill      XL: |  1  2  3  4  5  6  7  8  9 |
---------------+----------------------------+-----
Unarmed Combat | 4 5 |  5.0
Maces & Flails | 5 6 7 |  7.8
Dodging        | 6 7 8 |  8.0
Shields        | 7 8 9 |  9.0
Fighting       | 4 |  4.5

Action                   |  1- 3 |  4- 6 |  7- 9 || total
-------------------------+-------+-------+-------++-------
Melee: Unarmed           |    72 |    22 |       ||    94
       Constrict         |    17 |    22 |    59 ||    98
       Punch             |     1 |     2 |    14 ||    17
       Tentacles         |     6 |    16 |    63 ||    85
       Flail             |       |    70 |   249 ||   319
 Fire: Blowgun           |       |       |     2 ||     2
  Use: Potion            |       |     6 |     7 ||    13
       Scroll            |       |       |     2 ||     2
 Stab: Sleeping          |     2 |     7 |    10 ||    19
       Distracted        |       |     1 |       ||     1
       Confused          |       |     1 |     7 ||     8
  Eat: Chunk             |     3 |    12 |    22 ||    37
Armor: Skin              |    10 |    13 |    31 ||    54
Dodge: Dodged            |    49 |    49 |   154 ||   252
Block: Shield            |       |       |   161 ||   161
